 Seeded DCSS version 0.30-a0-787-gab5ac29 (webtiles) character file.

Game seed: 8599602368581359227 (custom seed)

374 Illumine the Chiller (level 6, -4/41 HPs)
             Began as a Demonspawn Fire Elementalist on Feb 19, 2023.
             Slain by an orc wizard
             ... wielding a +3 dagger of electrocution
              (20 damage)
             ... on level 4 of the Dungeon on Feb 20, 2023.
             The game lasted 00:11:45 (3703 turns).

Illumine the Chiller (Demonspawn Fire Elementalist) Turns: 3703, Time: 00:11:45

Health: -4/41      AC:  2    Str:  8    XL:     6   Next: 43%
Magic:  3/11       EV: 12    Int: 18    God:
Gold:   150        SH:  0    Dex: 14    Spells: 6/12 levels left

rFire   . . .      SeeInvis .    d - staff of cold
rCold   + . .      Faith    .    (no shield)
rNeg    . . .      Spirit   .    a - +0 robe
rPois   .          Reflect  .    (no helmet)
rElec   .          Harm     .    (no cloak)
rCorr   .          Rampage  .    (no gloves)
Will    .....                    (no boots)
Stlth   ++                       (no amulet)
HPRegen 0.26/turn                (no ring)
MPRegen 0.12/turn                (no ring)

@: freezing walls
A: demonic guardian 1, ignite blood 2, weakness stinger 1, demonic touch 1
a: no special abilities


You were on level 4 of the Dungeon.
You visited 1 branch of the dungeon, and saw 4 of its levels.

You collected 150 gold pieces.

Inventory:

Hand Weapons
 c - a +0 spear
Missiles
 g - 15 poisoned darts (quivered)
Armour
 a - a +0 robe (worn)
Magical Staves
 d - a staff of cold (weapon)
 n - a staff of air
Scrolls
 f - 6 scrolls of identify {unknown}
 i - 2 scrolls of enchant weapon {unknown}
 l - a scroll of amnesia {unknown}
 p - a scroll of fear {unknown}
 r - a scroll of fog {unknown}
 u - a scroll of summoning {unknown}
Potions
 b - a potion of magic
 e - a potion of mutation {unknown}
 h - a potion of flight {unknown}
 j - 2 potions of invisibility {unknown}
 k - 3 potions of cancellation {unknown}
 m - 2 potions of lignification {unknown}
 o - 2 potions of haste {unknown}
 q - a potion of ambrosia {unknown}
 s - a potion of berserk rage {unknown}
 t - 2 potions of might {unknown}


   Skills:
 - Level 1.7 Dodging
 - Level 1.7 Stealth
 + Level 3.7 Spellcasting
 - Level 2.0 Conjurations
 - Level 3.2 Fire Magic
 * Level 4.2 Ice Magic


You had 6 spell levels left.
You knew the following spells:

 Your Spells              Type           Power      Damage    Failure   Level
a - Foxfire               Conj/Fire      48%        2x1d6     4%          1
b - Scorch                Fire           30%        2d6       6%          2
c - Frozen Ramparts       Ice            54%        1d9       8%          3

Your spell library contained the following spells:

 Spells                   Type           Power      Damage    Failure   Level
 Freeze                   Ice            100%       1d10      2%          1
 Hailstorm                Conj/Ice       22%        3d7       13%         3
 Inner Flame              Hex/Fire       9%         N/A       24%         3
 Kindle Blastsparks       Fire/Tloc/Air  14%        2d11      28%         3
 Flame Wave               Conj/Fire      12%        2d6       45%         4


Dungeon Overview and Level Annotations

Branches:
Dungeon (4/15)
 Temple: D:4-7

Altars:
Nemelex Xobeh
Okawaru


Innate Abilities, Weirdness & Mutations

A weak demonic guardian rushes to your aid.
Your demonic aura often causes spilled blood to erupt in flames.
You have a small tail.
Your touch may inflict minor irresistible damage on your foes.


Message History

The wall freezes the orc.
The orc wizard mumbles some strange words.
The orc wizard flickers and vanishes!
Deactivating autopickup; reactivate with Ctrl-A.
The wall freezes the orc priest.
The orc priest closely misses you.
The wall freezes the orc!
You kill the orc!
The wall freezes the orc priest.
The orc priest looks satisfied for a moment.
The wall freezes the orc priest!
You kill the orc priest!
The wall freezes the orc!
You kill the orc!
Your magical contamination has completely faded away.
The wall freezes the orc but does no damage.
A magic dart appears from out of thin air!
The magic dart hits you.
The wall freezes the orc but does no damage.
The wall freezes the orc.
The orc hits you with a +0 whip.
The wall freezes something.
You hit the orc but do no damage. Your touch misses the orc.
The orc is severely wounded.
The frozen ramparts melt away.
The orc hits you with a +0 whip. Something hits you. Something hits you.
Casting: Scorch (safe; 6% risk of failure)
Confirm with . or Enter, or press ? or * to list all spells.
Casting: Frozen Ramparts (dangerous; 8% risk of failure)
Press: ? - help, Dir - look around, f - activate You feel a surge of power!
The walls around you are covered in ice.
The wall freezes the orc.
The wall freezes something.
You hear some strange, mumbled words.
A puff of flame appears from out of thin air!
The puff of flame hits you!
Casting: Frozen Ramparts (dangerous; 8% risk of failure)
Confirm with . or Enter, or press ? or * to list all spells.
You conjure some foxfire!
The wall freezes the orc.
The wall freezes something.
Something hits you!
You are electrocuted!!
You die...

...... ###. ## #
....... ##... .# .#
....... ...... #.##.
##...... ...... ....
#....... ......##...#
###....... .......o#..#
..#....... ....)){v#..#
#......... >...###@$..#
.......... . #v.#.#
.......... ...###..#.#
#.........
#.......#.####.......##
.....................#
##$...###..#...#####.#
##.#. ##.#.### #.# #.#.
#.....### #.## # #.
#......>###..#


You could see an orc (ally target).

Vanquished Creatures
  An ogre (D:4)
  2 orc priests (D:4)
  A gnoll bouda (D:4)
  An iguana (D:4)
  An orc wizard (D:4)
  3 gnolls (D:4)
  5 adders
  A shadow imp (D:3)
  2 worms (D:2)
  2 dart slugs
  6 orcs
  5 ball pythons
  6 endoplasms
  3 goblins (D:3)
  10 hobgoblins
  5 jackals
  A bat (D:2)
  5 frilled lizards
  3 kobolds
  3 rats
66 creatures vanquished.

Vanquished Creatures (others)
  An orc (D:4)
  153 foxfires
154 creatures vanquished.

Grand Total: 220 creatures vanquished

Notes
Turn   | Place    | Note
-------+----------+-------------------------------------------
     0 | D:1      | Illumine the Demonspawn Fire Elementalist began the quest
                  | for the Orb.
     0 | D:1      | Reached XP level 1. HP: 13/13 MP: 3/3
   206 | D:1      | Discovered your monstrous ancestry.
   206 | D:1      | Gained mutation: Your touch may inflict minor irresistible
                  | damage on your foes. [demonic ancestry]
   206 | D:1      | Reached XP level 2. HP: 15/19 MP: 1/5
   731 | D:1      | Learned a level 2 spell: Scorch
  1090 | D:2      | You fall into a shaft and drop 1 floor!
  1158 | D:2      | Gained mutation: Your demonic aura sometimes causes spilled
                  | blood to erupt in flames. [demonic ancestry]
  1158 | D:2      | Reached XP level 3. HP: 15/24 MP: 1/6
  1354 | D:2      | Reached skill level 1 in Ice Magic
  1363 | D:2      | Learned a level 3 spell: Frozen Ramparts
  2180 | D:3      | Gained mutation: You have a small tail. [demonic ancestry]
  2180 | D:3      | Reached XP level 4. HP: 30/30 MP: 2/7
  2642 | D:3      | Reached skill level 2 in Ice Magic
  2762 | D:3      | Found a sparkling altar of Nemelex Xobeh.
  2762 | D:3      | Found an iron altar of Okawaru.
  2983 | D:4      | Noticed an ogre
  2992 | D:4      | Killed an ogre
  2993 | D:4      | Reached skill level 3 in Ice Magic
  2993 | D:4      | Gained mutation: A weak demonic guardian rushes to your
                  | aid. [demonic ancestry]
  2993 | D:4      | Reached XP level 5. HP: 24/35 MP: 0/9
  3403 | D:4      | Gained mutation: Your demonic aura often causes spilled
                  | blood to erupt in flames. [demonic ancestry]
  3403 | D:4      | Reached XP level 6. HP: 41/41 MP: 4/11
  3575 | D:4      | Reached skill level 4 in Ice Magic
  3703 | D:4      | Slain by an orc wizard

Illustrated notes

Levels and vault maps discovered:
D:1:      lemuel_arrival_funnel, layout_loops_ring
D:2:      layout_loops_ring
D:3:      layout_basic, chequers_temple_overflow_statue_of_worship,
          minmay_misc_feat_room
D:4:      layout_rooms, grunt_qazlal_clouds, kennysheep_mini_moat, serial_shops,
          shop, grunt_ministairs_5

Skill      XL: |  1  2  3  4  5  6 |
---------------+-------------------+-----
Fire Magic     | 3 |  3.2
Conjurations   | 2 |  2.0
Ice Magic      | 1 3 4 |  4.2
Spellcasting   | 3 |  3.7
Dodging        | |  1.7
Stealth        | |  1.7

Action                     |  1- 3 |  4- 6 || total
---------------------------+-------+-------++-------
  Melee: Spear             |    12 |       ||    12
         Staff             |     1 |     8 ||     9
         Touch             |     1 |     1 ||     2
         Tailslap          |       |     1 ||     1
  Throw: Dart              |       |     1 ||     1
   Cast: Foxfire           |    45 |    50 ||    95
         Scorch            |     6 |    19 ||    25
         Frozen Ramparts   |       |     2 ||     2
 Armour: Robe              |     4 |     2 ||     6
  Dodge: Dodged            |    13 |    19 ||    32

Table legend: (Time is in decaauts)
 A = Elapsed time spent in this place.
 B = Non-inter-level travel time spent in this place.
 C = Inter-level travel time spent in this place.
 D = Time resting spent in this place.
 E = Time spent auto-exploring this place.
 F = Levels seen in this place.
 G = Mean time per level.
                   A        B        C        D        E       F      G
               +--------+--------+--------+--------+--------+-----+--------+
         Total |   3707 |   3446 |    261 |    421 |   2447 |   4 |  926.8 |
       Dungeon |   3707 |   3446 |    261 |    421 |   2447 |   4 |  926.8 |
               +--------+--------+--------+--------+--------+-----+--------+

Top non-repeatable levels by time:
     D:3: 1330 daAuts
     D:2: 1020 daAuts
     D:1: 980 daAuts
     D:4: 376 daAuts
